[Event "Late-Titled-Tuesday-Blitz-March-26-2024"]
[Site "Chess.com"]
[Date "2024.03.26"]
[Round "4"]
[White "DACF2905"]
[Black "HaryKane"]
[Result "1-0"]
[WhiteElo "2404"]
[BlackElo "2550"]
[TimeControl "180+1"]
[EndTime "14:41:13 PDT"]
[Termination "DACF2905 won by checkmate"]

1. e4 g6 2. Nc3 Bg7 3. d4 d6 4.
Nge2 a6 5. g3 b5 6. a3 Bb7 7. Bg2 Nf6 8. O-O Nfd7 9. h3 O-O 10. Be3 Nc6 11. Qd2 Na5 12. b3 Re8 13. Rad1 Nc6 14. Kh2 e5 15. f4 exf4 16. Nxf4 Ne7 17.
Rde1 Rc8 18. Qf2 Rf8 19. Ncd5 c5 20. c3 cxd4 21. cxd4 Bxd5 22. exd5 Nf5 23. Nd3 Rc3 24. Qd2 Rxb3 25. Rxf5 gxf5 26. Nb4 Re8 27. Nc6 Qb6 28. Bh6 Bxh6 29. Rxe8+ Kg7 30. Qc2 Nf6 31. Rb8 Qxb8 32.
Nxb8 Rxa3 33. Qxf5 b4 34. g4 Be3 35. g5 Ng8 36. Be4 Bxd4 37. Qxh7+ Kf8 38. Nd7+ Ke7 39. Qxg8 Kxd7 40. Qxf7+ Kd8 41. Qb7 Be5+ 42. Kg2 Rg3+ 43.
Kf2 b3 44. Bf5 Ke8 45. g6 b2 46. Qf7+ Kd8 47. Qd7# 1-0

[Event "Late-Titled-Tuesday-Blitz-March-26-2024"]
[Site "Chess.com"]
[Date "2024.03.26"]
[Round "4"]
[White "jcibarra"]
[Black "Bilan_Danila"]
[Result "1-0"]
[WhiteElo "2987"]
[BlackElo "2630"]
[TimeControl "180+1"]
[EndTime "14:41:14 PDT"]
[Termination "jcibarra won by checkmate"]

1. e4 c6 2. Nf3 d5 3. d3 Bg4 4. h3 Bxf3 5. Qxf3 e6 6. g3 Nd7 7.
Bg2 Ngf6 8. O-O Bc5 9. Qe2 dxe4 10. dxe4 e5 11. a4 a5 12. Nd2 O-O 13. Nc4 Qc7 14. Bd2 Rfe8 15. h4 Nf8 16. c3 Ne6 17. Bh3 Rad8 18.
Rad1 Ba7 19. Bg5 Rxd1 20. Rxd1 Rd8 21. Bxe6 fxe6 22. Rxd8+ Qxd8 23. Nxe5 h6 24. Bxf6 Qxf6 25. Nc4 Qd8 26. Qd2 Qc7 27. Qd6 Qf7 28. Qd2 b5 29. axb5 cxb5 30. Ne5 Qf6 31. Nc6 Bc5 32. Qd8+ Qxd8 33.
Nxd8 b4 34. cxb4 Bxb4 35. b3 Kf8 36. Nxe6+ Kf7 37. Nf4 Kf6 38. Nd5+ Ke5 39. Nxb4 axb4 40. f3 Kd4 41. Kf2 Kc3 42. e5 Kxb3 43. e6 Ka2 44. e7 b3 45. e8=Q b2 46. Qa4+ Kb1 47.
Ke2 Kc1 48. Qd1# 1-0

[Event "Late-Titled-Tuesday-Blitz-March-26-2024"]
[Site "Chess.com"]
[Date "2024.03.26"]
[Round "4"]
[White "deepfear"]
[Black "HanSchut"]
[Result "0-1"]
[WhiteElo "1955"]
[BlackElo "2276"]
[TimeControl "180+1"]
[EndTime "14:41:14 PDT"]
[Termination "HanSchut won by resignation"]

1. e4 c5 2. Nc3 Nc6 3. f4 g6 4. Nf3 Bg7 5. Bc4 e6 6. f5 Nge7 7. fxg6 hxg6 8. d3 d5 9. Bb5 d4 10. Bxc6+ Nxc6 11. Ne2 e5 12. Bg5 f6 13. Bh4 Bg4 14.
Bg3 Bxf3 15. gxf3 Qb6 16. Rb1 O-O-O 17. a3 g5 18. Kf1 Rh3 19. b4 Rdh8 20. Kg2 cxb4 21.
axb4 a6 22. c3 f5 23. Qb3 f4 24. Bf2 Ne7 25. Qf7 Qh6 26. Qxe7 Rxh2+ 27. Rxh2 Qxh2+ 28. Kf1 Qh1+ 29. Bg1 Qxf3+ 30. Ke1 Rh1 31. Qe8+ Kc7 32.
Qe7+ Kb8 33. Kd2 Rxg1 34. Rxg1 Qe3+ 35. Kd1 f3 36. Qxg7 fxe2+ 37. Ke1 Qxg1+ 38. Kxe2 Qe3+ 39.
Kd1 Qxd3+ 40. Ke1 Qxc3+ 41. Kf1 Qf3+ 42. Kg1 d3 43. Qxe5+ Ka7 44. Qc5+ Ka8 45. Qc8+ Ka7 46. Qc5+ Kb8 47. Qc8+ Kxc8 0-1

[Event "Late-Titled-Tuesday-Blitz-March-26-2024"]
[Site "Chess.com"]
[Date "2024.03.26"]
[Round "4"]
[White "cthake"]
[Black "AntonovaNadezhda"]
[Result "1-0"]
[WhiteElo "1775"]
[BlackElo "2169"]
[TimeControl "180+1"]
[EndTime "14:41:14 PDT"]
[Termination "cthake won on time"]

1. e4 c5 2. Nf3 d6 3. d4 cxd4 4.
Nxd4 Nf6 5. Nc3 a6 6. Be3 e5 7.
Nb3 Be6 8. f3 h5 9. Qd2 Be7 10.
O-O-O Nbd7 11. Nd5 Bxd5 12. exd5 Nb6 13. c4 Rc8 14.
Na5 Qc7 15. Kb1 O-O 16. Bd3 Na4 17. b3 Nc5 18. Bc2 Bd8 19. b4 Ncd7 20. Qd3 Nb8 21. h4 b6 22. Nc6 Nxc6 23. dxc6 Qxc6 24. Bb3 Be7 25. g4 Qxf3 26. gxh5 Qe4 27. Qxe4 Nxe4 28. Rhg1 Kh8 29. Kb2 Bxh4 30. h6 Bf6 31. hxg7+ Bxg7 32. Rh1+ Kg8 33. Rdg1 f6 34. Rh4 Kf7 35. Rxe4 Ke6 36.
c5+ d5 37. Reg4 Bh6 38. Bxh6 Rh8 39. Bg7 Rh7 40. Rg6 Rh2+ 41. Ka3 bxc5 42. Rxf6+ Ke7 43. Rxa6 c4 44. Ba4 Rc7 45. Bxe5 Rb7 46. Bxh2 1-0

[Event "Late-Titled-Tuesday-Blitz-March-26-2024"]
[Site "Chess.com"]
[Date "2024.03.26"]
[Round "4"]
[White "Veleamater"]
[Black "ernestina08chess"]
[Result "1-0"]
[WhiteElo "2405"]
[BlackElo "2258"]
[TimeControl "180+1"]
[EndTime "14:41:15 PDT"]
[Termination "Veleamater won on time"]

1. g3 Nf6 2. Bg2 g6 3. d3 Bg7 4.
Nf3 O-O 5. O-O d5 6. Nc3 c5 7. e4 Nc6 8. h3 e5 9. Nd2 d4 10.
Ne2 Be6 11. f4 Qc8 12. Kh2 Ne8 13. Nf3 h6 14. Nh4 Bd7 15. f5 g5 16. Nf3 f6 17.
g4 Nd6 18. Ng3 Rf7 19. Nh5 Bf8 20. Kg3 c4 21. Rh1 cxd3 22. cxd3 Nb4 23. Ne1 Bb5 24. Qb3 Na6 25. Nxf6+ Kh8 26. Nd5 Nc5 27. Qd1 Bc6 28. Nb4 Rh7 29. h4 gxh4+ 30. Rxh4 Be7 31. Rxh6 Qf8 32.
Rxh7+ Kxh7 33. Nxc6 bxc6 34. g5 Nxf5+ 35. exf5 Qxf5 36.
Qg4 Qxg4+ 37. Kxg4 Kg6 38. Bd2 Rb8 39. b4 Ne6 40.
Be4+ Kg7 41. a3 c5 42. Nf3 cxb4 43. axb4 Bxb4 44. Rxa7+ Kg8 45. Bxb4 Rxb4 46. Nxe5 Rb1 47. Nf3 Nc5 48. Ne5 Nxe4 49. dxe4 Rd1 50. Rd7 d3 51. Rxd3 Rg1+ 52. Kf5 Rf1+ 53. Kg6 Rf8 54. Rd7 Ra8 55. Nf7 Ra6+ 56. Nd6 Ra8 57. e5 Rf8 58. e6 Ra8 59. e7 Re8 60. Rd8 1-0

[Event "Late-Titled-Tuesday-Blitz-March-26-2024"]
[Site "Chess.com"]
[Date "2024.03.26"]
[Round "4"]
[White "HelenaWalker2912"]
[Black "Fandorine"]
[Result "0-1"]
[WhiteElo "2492"]
[BlackElo "2895"]
[TimeControl "180+1"]
[EndTime "14:41:16 PDT"]
[Termination "Fandorine won on time"]

1. d4 Nf6 2. c4 g6 3. Nc3 Bg7 4. e4 d6 5. h3 O-O 6. Be3 a5 7. Nf3 a4 8. Bd3 a3 9. b3 c5 10.
O-O Nc6 11. Rc1 Qa5 12. d5 Nb4 13. Bb1 Bd7 14. Qd2 b5 15. e5 dxe5 16. Nxe5 bxc4 17. Nxd7 Nxd7 18. bxc4 Nb6 19. Nb5 N4xd5 20. cxd5 Qxb5 21. Rxc5 Qd7 22. Rfc1 Rab8 23. Be4 Bb2 24. R1c2 Be5 25. Bd4 Bxd4 26. Qxd4 Nc8 27. Rc7 Qd8 28.
h4 Nd6 29. h5 Nb5 30. Qe5 Nxc7 31. h6 f6 32. Qxc7 Rc8 33. Qb7 Rxc2 34. Bxc2 Qd6 35.
Bb3 Kf7 36. Qa7 Rc8 37. Qe3 Kf8 38. g3 Rb8 39. Kg2 Rd8 40. Qe4 Qe5 0-1

[Event "Late-Titled-Tuesday-Blitz-March-26-2024"]
[Site "Chess.com"]
[Date "2024.03.26"]
[Round "4"]
[White "bilelou"]
[Black "prochn"]
[Result "1-0"]
[WhiteElo "2709"]
[BlackElo "2510"]
[TimeControl "180+1"]
[EndTime "14:41:18 PDT"]
[Termination "bilelou won by resignation"]

1. e4 c6 2. d4 d5 3. f3 dxe4 4. fxe4 e5 5. Nf3 Bg4 6. Bc4 Nd7 7.
c3 Ngf6 8. O-O Bd6 9. h3 Bh5 10. Bg5 b5 11. Bd3 Qc7 12. Nbd2 O-O 13. a4 a6 14. Kh1 h6 15. Be3 Rfe8 16. Qc2 Bg6 17. Nh4 Bh7 18. Nf5 Bf8 19. Rf3 c5 20. d5 c4 21. Be2 Bxf5 22. Rxf5 Bc5 23. Bxc5 Nxc5 24.
Rxf6 gxf6 25. Rf1 Kg7 26. Nf3 f5 27. Nh4 f4 28. Nf5+ Kh7 29. Bh5 Rg8 30. Qf2 Nd3 31. Qh4 Qb6 32. Bxf7 Rg7 33. Be6 Rg6 34. Ne7 Rag8 35.
Bxg8+ Rxg8 36. Nxg8 Kxg8 37. axb5 axb5 38. Ra1 Nf2+ 39.
Kh2 Qg6 40. Ra8+ Kf7 41. Ra7+ Kg8 42. Qd8+ 1-0

[Event "Late-Titled-Tuesday-Blitz-March-26-2024"]
[Site "Chess.com"]
[Date "2024.03.26"]
[Round "4"]
[White "PetrolulSah"]
[Black "RichardShtivelband"]
[Result "0-1"]
[WhiteElo "2229"]
[BlackElo "2466"]
[TimeControl "180+1"]
[EndTime "14:41:18 PDT"]
[Termination "RichardShtivelband won on time"]

1. d4 Nf6 2. c4 e6 3. g3 c5 4. d5 exd5 5. cxd5 b5 6. Bg2 Bb7 7. Nh3 d6 8. O-O g6 9. b3 Bg7 10. Bb2 O-O 11. Nd2 Nxd5 12. Bxg7 Kxg7 13. Ne4 Na6 14.
Nxd6 Qxd6 15. e4 Rad8 16. exd5 Bxd5 17. Bxd5 Qxd5 18. Qc2 Nb4 19. Qc3+ Qd4 20. Qxd4+ cxd4 21. Rfd1 Rfe8 22. Nf4 g5 23. Nd3 Nd5 24. Rd2 Nc3 25. Kg2 Kg6 26. Re1 Re6 27. Ne5+ Kg7 28. Nf3 Rxe1 29. Nxe1 g4 30. Nc2 Nxa2 31. Nxd4 Kg6 32. Rxa2 Rxd4 33. Ra6+ f6 34. Rxa7 Rd3 35. Ra8 Rxb3 36.
Rg8+ Kf5 37. Rg7 h5 38. Rg8 Rc3 39. Rh8 Kg6 40. Rg8+ Kf7 41. Rh8 Rc5 42. Rb8 Ke6 43. Rb6+ Ke5 44. h3 f5 45. hxg4 hxg4 46. f3 gxf3+ 47.
Kxf3 Kd4 48. g4 fxg4+ 49. Kxg4 Kc3 50. Kf3 b4 51. Ke2 b3 52. Rd6 b2 53. Rd3+ Kc2 54. Rd2+ Kb3 55. Rd3+ Rc3 56. Rd1 Rc1 57. Rd3+ Kc4 0-1

[Event "Late-Titled-Tuesday-Blitz-March-26-2024"]
[Site "Chess.com"]
[Date "2024.03.26"]
[Round "4"]
[White "ChessQueen"]
[Black "GiorgianBarbosa"]
[Result "0-1"]
[WhiteElo "2697"]
[BlackElo "2537"]
[TimeControl "180+1"]
[EndTime "14:41:19 PDT"]
[Termination "GiorgianBarbosa won by resignation"]

1. e4 c5 2. d4 g6 3. dxc5 Na6 4. Be3 Bg7 5. c3 Qc7 6. Bxa6 bxa6 7. Nf3 Bb7 8. Nbd2 Nf6 9. Qc2 Ng4 10. Bd4 e5 11. h3 exd4 12. hxg4 dxc3 13. bxc3 Qxc5 14. Rc1 Rc8 15.
O-O O-O 16. Qd3 Rfd8 17. c4 a5 18. Nb3 Qa3 19. Qd2 Bxe4 20. Ng5 Bh6 21. Rfe1 Bc6 22. Qf4 Qf8 23. c5 f6 24. Qc4+ Kg7 25. Nh3 Bxc1 26. Rxc1 Re8 27. Nxa5 Re4 28. Qd3 Qe7 29.
Nxc6 dxc6 30. g3 Rd8 31. Qf3 Re1+ 32. Rxe1 Qxe1+ 33. Kh2 Rd5 34. Qf4 Qe5 35. Qb4 Qe7 36. Nf4 Re5 37. Qd4 Re1 38. Qb4 Qe4 39. Qb7+ Kh6 40.
Ng2 Re2 41. Qb8 Rxf2 42. Qf8+ Kg5 0-1

[Event "Late-Titled-Tuesday-Blitz-March-26-2024"]
[Site "Chess.com"]
[Date "2024.03.26"]
[Round "4"]
[White "secretsuperstar7"]
[Black "Romkachess"]
[Result "0-1"]
[WhiteElo "2508"]
[BlackElo "2707"]
[TimeControl "180+1"]
[EndTime "14:41:19 PDT"]
[Termination "Romkachess won on time"]

1. c4 e5 2. Nc3 Nf6 3. Nf3 Nc6 4. g3 Bb4 5. Bg2 Bxc3 6. dxc3 O-O 7. O-O d6 8. b3 a5 9. a4 Re8 10. Qc2 Bg4 11.
Rd1 Qe7 12. Ba3 Nd7 13. Ne1 Bh5 14. Qd2 h6 15. Nc2 Nf6 16. Ne3 Bg6 17. Nd5 Nxd5 18.
cxd5 Nb8 19. b4 Nd7 20. bxa5 Rxa5 21. Bb4 Raa8 22. a5 e4 23. Qe3 Ne5 24. h3 Nc4 25.
Qd4 b5 26. axb6 Nxb6 27. e3 Qd7 28. Bf1 Bf5 29. Kh2 h5 30. h4 Bg4 31. Rdb1 Qf5 32. Kg1 Nxd5 33. Bb5 c5 34. Qd2 cxb4 35. Bxe8 Rxe8 36. Ra5 Bf3 37. Kh2 Re5 38. c4 Nf6 39.
Rxe5 Ng4+ 40. Kg1 Nxe5 41. Kh2 Nxc4 42. Qd4 Bg4 43. Kg2 Qf3+ 44. Kg1 Be6 0-1

[Event "Late-Titled-Tuesday-Blitz-March-26-2024"]
[Site "Chess.com"]
[Date "2024.03.26"]
[Round "4"]
[White "YegoryoCh"]
[Black "Byniolus"]
[Result "1-0"]
[WhiteElo "2559"]
[BlackElo "2723"]
[TimeControl "180+1"]
[EndTime "14:41:21 PDT"]
[Termination "YegoryoCh won by checkmate"]

1. e4 d6 2. d4 Nf6 3. Nc3 c6 4.
Be3 Qb6 5. Rb1 Ng4 6. Bc1 e5 7. Nf3 Nd7 8. h3 Ngf6 9. Be2 Be7 10. O-O O-O 11. Be3 Qc7 12. a3 Re8 13. Re1 b5 14. Qd2 Bf8 15. d5 a6 16. Nh4 Bb7 17. Nf5 cxd5 18.
exd5 Nb6 19. Bxb6 Qxb6 20. Bf3 g6 21. Qg5 Qd8 22. Ne3 Rc8 23. Rbd1 Nd7 24. Qg3 Bg7 25. h4 f5 26. Qh3 e4 27. Be2 Bxc3 28. bxc3 Rxc3 29.
Qg3 Ne5 30. Qf4 Rf8 31. Rb1 Rxa3 32. c4 Nd3 33. Bxd3 Rxd3 34. cxb5 axb5 35. Rxb5 Qe7 36.
Reb1 Bc8 37. Nc4 Rd8 38. Rb6 Rxd5 39. Rb8 Be6 40. Na5 Rxb8 41. Rxb8+ Kg7 42. Nc6 Rd1+ 43.
Kh2 Qc7 44. Qg5 d5+ 45. g3 e3 46. Qxe3 Qxc6 47. Qe5+ Kf7 48. Rh8 d4 49. Rxh7+ Kf8 50. Qg7+ Ke8 51. Qe7# 1-0

[Event "Late-Titled-Tuesday-Blitz-March-26-2024"]
[Site "Chess.com"]
[Date "2024.03.26"]
[Round "4"]
[White "IsuruAlahakoon"]
[Black "ATM622"]
[Result "0-1"]
[WhiteElo "2366"]
[BlackElo "2531"]
[TimeControl "180+1"]
[EndTime "14:41:21 PDT"]
[Termination "ATM622 won on time"]

1. Nf3 Nf6 2. d4 d5 3. e3 g6 4. c4 dxc4 5. Bxc4 Bg7 6. Nc3 O-O 7.
O-O c5 8. d5 a6 9. a4 Nbd7 10.
e4 Ng4 11. Bg5 h6 12. Bh4 Nde5 13. Nxe5 Nxe5 14. Be2 g5 15. Bg3 f5 16. f4 Ng6 17.
fxg5 hxg5 18. exf5 Bxf5 19. Bd3 Nf4 20. Bxf4 gxf4 21.
Rxf4 Bxd3 22. Rxf8+ Qxf8 23. Qxd3 Bd4+ 24. Kh1 Qf2 25. Rf1 Qh4 26. Qg6+ Kh8 27. g3 Qh7 28. Qxh7+ Kxh7 29. Rf7+ Kg6 30. Rxe7 Rb8 31. d6 Bf6 32. Re4 b5 33. axb5 axb5 34. Nd5 Bd8 35. Re6+ Kf7 36. Rh6 Kg7 37. Re6 Kf7 38. Re2 c4 39. d7 Ba5 40.
Kg2 Rd8 0-1

[Event "Late-Titled-Tuesday-Blitz-March-26-2024"]
[Site "Chess.com"]
[Date "2024.03.26"]
[Round "4"]
[White "MetiForce"]
[Black "FabianoCaruana"]
[Result "0-1"]
[WhiteElo "2902"]
[BlackElo "3105"]
[TimeControl "180+1"]
[EndTime "14:41:24 PDT"]
[Termination "FabianoCaruana won on time"]

1. c4 e5 2. Nc3 Bb4 3. Nd5 Be7 4. e3 Nf6 5. Nxe7 Qxe7 6. Be2 O-O 7. d3 c5 8. Nf3 Nc6 9. O-O d5 10. cxd5 Nxd5 11. a3 h6 12. Qc2 Be6 13. b3 Rac8 14.
Bb2 f6 15. Rac1 b6 16. Nd2 Rfd8 17. Ne4 Qf7 18. Nd2 Nde7 19. Bc3 Rd7 20. Qb1 Nd5 21.
Ba1 Rdd8 22. Rc2 Qg6 23. Ne4 Bh3 24. Ng3 Bg4 25. Bxg4 Qxg4 26. Rfc1 Nde7 27. h3 Qe6 28. b4 cxb4 29. axb4 Nd5 30. Qb3 Kf7 31. b5 Nce7 32. Qa4 Qd7 33. Bb2 a5 34. Ba3 Rxc2 35. Rxc2 Rc8 36.
Ne4 Rxc2 37. Qxc2 Kg8 38. Qc4 Kh7 39. Bxe7 Nxe7 40. Qf7 Kh8 41. Ng3 Qd8 42. Nh5 Nf5 43.
e4 Qg8 44. Qxg8+ Kxg8 45. exf5 a4 0-1

[Event "Late-Titled-Tuesday-Blitz-March-26-2024"]
[Site "Chess.com"]
[Date "2024.03.26"]
[Round "4"]
[White "vladislavkovalev"]
[Black "DrVelja"]
[Result "0-1"]
[WhiteElo "2872"]
[BlackElo "3011"]
[TimeControl "180+1"]
[EndTime "14:41:24 PDT"]
[Termination "DrVelja won by resignation"]

1. e4 c5 2. Nf3 Nc6 3. Bb5 e6 4. O-O Nd4 5. Nxd4 cxd4 6. c3 a6 7. Bd3 Bc5 8. b4 Ba7 9. Bb2 e5 10. cxd4 exd4 11. Na3 Ne7 12. Nc2 Nc6 13. a4 O-O 14. b5 Ne5 15. Qe2 d5 16. Bxd4 Bxd4 17. Nxd4 Re8 18. Rfe1 Qb6 19. Nb3 Bg4 20. Qf1 Qh6 21.
f3 Bd7 22. bxa6 bxa6 23. Kh1 Qb6 24. Reb1 Rab8 25. a5 Qd6 26. Bxa6 dxe4 27. Be2 exf3 28. Bxf3 Bf5 29. d4 Nxf3 30. Qxf3 Bxb1 31. Rxb1 Qxd4 32.
h3 Qe4 33. Qf1 Qc2 34. Rc1 Qxb3 35. Rc7 Qe6 36. a6 Qe1 37. Rxf7 Qxf1+ 38. Rxf1 Ra8 39. Ra1 Re6 40. a7 Re7 41. Rb1 0-1

[Event "Late-Titled-Tuesday-Blitz-March-26-2024"]
[Site "Chess.com"]
[Date "2024.03.26"]
[Round "4"]
[White "Oleg_Papayan"]
[Black "Beca95"]
[Result "0-1"]
[WhiteElo "2636"]
[BlackElo "2951"]
[TimeControl "180+1"]
[EndTime "14:41:24 PDT"]
[Termination "Beca95 won by resignation"]

1. e4 d6 2. d4 Nf6 3. Nc3 e5 4. Nge2 Be7 5. f3 c6 6. Be3 b5 7. a3 Nbd7 8. g4 g6 9. Ng3 Nb6 10. Qd2 h5 11. h3 Rb8 12. O-O-O h4 13. Nf5 gxf5 14. gxf5 Qc7 15. f4 Nfd7 16. fxe5 dxe5 17. d5 cxd5 18. Nxb5 Qb7 19. exd5 a6 20. d6 axb5 21. Bg2 Nc4 22. Qe2 Qa6 23. dxe7 b4 24. Bd5 Nxe3 25. Qxe3 bxa3 26. bxa3 Qb6 27. Qf3 Nf6 28. Bb3 Bb7 29. Ba4+ Kxe7 30. Qe2 Bxh1 31. Qxe5+ Kf8 32. Bb3 Be4 33.
Rd6 Qe3+ 34. Kb2 Rxb3+ 35. cxb3 Qe2+ 36. Kc3 Qe1+ 37. Rd2 Nd5+ 38. Kc4 Rh6 39. f6 Rxf6 40.
Qb8+ Kg7 41. Rxd5 Bxd5+ 42. Kxd5 Qe6+ 43. Kd4 Qd6+ 44. Qxd6 Rxd6+ 0-1

[Event "Late-Titled-Tuesday-Blitz-March-26-2024"]
[Site "Chess.com"]
[Date "2024.03.26"]
[Round "4"]
[White "Slovak_fighter2000"]
[Black "carokannlover213"]
[Result "0-1"]
[WhiteElo "2594"]
[BlackElo "2836"]
[TimeControl "180+1"]
[EndTime "14:41:24 PDT"]
[Termination "carokannlover213 won on time"]

1. c4 e6 2. d4 d5 3. Nc3 Nf6 4.
Nf3 c6 5. g3 dxc4 6. Bg2 b5 7.
O-O Bb7 8. e4 b4 9. e5 bxc3 10.
exf6 gxf6 11. bxc3 c5 12. Rb1 Be4 13. Rb2 Nc6 14.
Re1 Bd5 15. Be3 cxd4 16. Nxd4 Bxg2 17. Kxg2 Qd5+ 18. Kg1 Nxd4 19. Bxd4 Be7 20. Qa4+ Kf8 21. Rb5 Qd8 22. Qxc4 h5 23. Rb7 h4 24. Rxe6 fxe6 25.
Qxe6 Qd6 26. Qe4 Re8 27. Rxa7 hxg3 28. hxg3 Bd8 29. Qf5 Re1+ 30. Kg2 Qc6+ 31. f3 Re2+ 32. Kf1 Re7 33. Bc5 Qb5+ 34. Kg2 Qe2+ 35. Bf2 Rh2+ 36. Kxh2 Qxf2+ 37. Kh3 Qxa7 38. Qxf6+ Ke8 39. Qc6+ Qd7+ 40.
Qxd7+ Rxd7 0-1

[Event "Late-Titled-Tuesday-Blitz-March-26-2024"]
[Site "Chess.com"]
[Date "2024.03.26"]
[Round "4"]
[White "ExtremeLearner"]
[Black "Houdinovic"]
[Result "1-0"]
[WhiteElo "2553"]
[BlackElo "2718"]
[TimeControl "180+1"]
[EndTime "14:41:24 PDT"]
[Termination "ExtremeLearner won by checkmate"]

1. d4 Nf6 2. c4 d6 3. g3 Nbd7 4.
Bg2 g6 5. Nc3 Bg7 6. Nf3 O-O 7.
O-O e5 8. e4 Re8 9. h3 exd4 10.
Nxd4 Nc5 11. Re1 a5 12. Bf4 Bd7 13. Ndb5 Bc6 14. Qc2 Nfd7 15. Rad1 Ne5 16. b3 Qd7 17. Nd4 Rad8 18. Bxe5 dxe5 19. Nxc6 Qxc6 20. Rd5 Ne6 21. Ne2 b6 22. Red1 Qa8 23. Qd2 c6 24. Rxd8 Rxd8 25. Qc2 Bf8 26. Kh2 Bc5 27. Rxd8+ Qxd8 28. Ng1 Qd4 29. Nf3 Qd6 30. Qb2 f6 31. h4 Kg7 32.
Bh3 Nc7 33. h5 Qd3 34. h6+ Kxh6 35. Kg2 Qxe4 36. Qd2+ g5 37. Qd7 g4 38. Bxg4 Qe2 39.
Bf5 Qxf2+ 40. Kh3 Qf1+ 41. Kg4 Qxf3+ 42. Kxf3 e4+ 43. Kg4 e3 44. Qxh7# 1-0

[Event "Late-Titled-Tuesday-Blitz-March-26-2024"]
[Site "Chess.com"]
[Date "2024.03.26"]
[Round "4"]
[White "leandrojimenez"]
[Black "nindjaxx8"]
[Result "1-0"]
[WhiteElo "2431"]
[BlackElo "2620"]
[TimeControl "180+1"]
[EndTime "14:41:26 PDT"]
[Termination "leandrojimenez won on time"]

1. d4 d5 2. c4 e6 3. Nf3 Nf6 4. g3 Be7 5. Bg2 O-O 6. O-O b6 7. cxd5 exd5 8. Nc3 Bb7 9. b3 Nbd7 10. Bb2 c5 11.
dxc5 bxc5 12. Na4 Rc8 13. Rc1 Nb6 14. Nxb6 Qxb6 15. e3 Rfd8 16. Qc2 d4 17. Rfe1 d3 18. Qc3 c4 19. Red1 cxb3 20. Qxb3 Qxb3 21. axb3 Rxc1 22. Bxc1 Ne4 23. Nd4 Nc3 24. Rxd3 Ne2+ 25. Nxe2 Rxd3 26. Bxb7 Rxb3 27. Be4 a5 28. Nd4 Rb6 29. Nc6 Bd6 30. Nxa5 Ra6 31. Nc4 Bc5 32. Bd2 Ra1+ 33. Kg2 Ra2 34. Kf3 h5 35. Bd5 Ra7 36. e4 g6 37. Be3 Bxe3 38. Nxe3 Kf8 39. h4 Ra3 40. Kf4 Ke7 41. f3 Ra7 42. Nc2 Kf6 43. Nd4 Ra3 44.
Nc6 Rd3 45. Ne5 Ra3 46. Nxf7 Ra7 47. Ne5 Ra3 48. Nc6 Rc3 49. e5+ Kg7 50. e6 1-0

[Event "Late-Titled-Tuesday-Blitz-March-26-2024"]
[Site "Chess.com"]
[Date "2024.03.26"]
[Round "4"]
[White "Hikaru"]
[Black "Genghis_K"]
[Result "1-0"]
[WhiteElo "3279"]
[BlackElo "2928"]
[TimeControl "180+1"]
[EndTime "14:41:27 PDT"]
[Termination "Hikaru won on time"]

1. Nf3 Nf6 2. b3 g6 3. d4 Bg7 4. Bb2 O-O 5. e3 d6 6. Be2 Nc6 7. O-O Bf5 8. c4 e5 9. Nc3 exd4 10. exd4 Re8 11. d5 Ne7 12. h3 a6 13. Re1 Bd7 14.
Bd3 Bf5 15. Nd4 Bxd3 16. Qxd3 Qd7 17. Re3 Nh5 18. Rae1 Bxd4 19. Qxd4 Nf5 20. Rxe8+ Rxe8 21. Qd2 Rxe1+ 22. Qxe1 Nf6 23. Ne2 Ne8 24. g4 Nfg7 25.
Nf4 Kf8 26. f3 Qe7 27. Qc3 Qg5 28. Qd2 Qh4 29. Kg2 h5 30. Bd4 hxg4 31. fxg4 Nf6 32.
Bf2 Ne4 33. Nxg6+ fxg6 34. Qf4+ Qf6 35. Qxe4 Kf7 36. Bd4 Qg5 37. Be3 Qf6 38. Qf4 Qxf4 39. Bxf4 Ne8 40. Bg5 c6 41. Kf3 cxd5 42. cxd5 Nc7 43.
Ke4 Nb5 44. Bd2 Nc7 45. h4 Ne8 46. Bc3 Nc7 47. a4 b5 48. Bb2 bxa4 49. bxa4 Na8 50. Bd4 Nc7 51. Bb6 Ne8 52. Bd8 Kg7 53. Kd4 1-0

[Event "Late-Titled-Tuesday-Blitz-March-26-2024"]
[Site "Chess.com"]
[Date "2024.03.26"]
[Round "4"]
[White "dropstoneDP"]
[Black "Fonsofan"]
[Result "0-1"]
[WhiteElo "2998"]
[BlackElo "2749"]
[TimeControl "180+1"]
[EndTime "14:41:27 PDT"]
[Termination "Fonsofan won by resignation"]

1. e4 d6 2. d4 Nf6 3. Nc3 e5 4. Nf3 Nbd7 5. Bc4 Be7 6. O-O O-O 7. a4 c6 8. Re1 b6 9. d5 cxd5 10. Nxd5 Bb7 11. a5 Rc8 12. Nxe7+ Qxe7 13. Bd3 Nc5 14. Bg5 b5 15. a6 Bc6 16. b4 Ne6 17. Bd2 h6 18. Qe2 Rb8 19. c4 bxc4 20. Bxc4 Bxe4 21. b5 d5 22. Ba2 Bxf3 23. Qxf3 e4 24. Qb3 Nd4 25. Qa4 Qe5 26. h3 Nxb5 27. Rac1 d4 28. Rc6 Nc3 29. Bxc3 dxc3 30. Rc1 e3 31. f4 Qe7 32.
R6xc3 e2 33. Re1 Rfc8 34. Rxc8+ Rxc8 35. Qb3 Qc5+ 36. Kh2 Qf2 37. Qg3 Qxg3+ 38. Kxg3 Rc2 39. Bb1 Rb2 40. Bd3 Rb3 41. Rxe2 Rxd3+ 42. Kh2 Ra3 43. g3 Rxa6 44. Kg2 Rc6 45. Re7 a6 46. Ra7 g6 47.
Kf3 Kg7 0-1

[Event "Late-Titled-Tuesday-Blitz-March-26-2024"]
[Site "Chess.com"]
[Date "2024.03.26"]
[Round "4"]
[White "baki83"]
[Black "SaqoChess_Twitch"]
[Result "1-0"]
[WhiteElo "2902"]
[BlackElo "2656"]
[TimeControl "180+1"]
[EndTime "14:41:28 PDT"]
[Termination "baki83 won by resignation"]

1. e4 c5 2. Nf3 d6 3. Bb5+ Bd7 4. Bxd7+ Qxd7 5. c4 Nc6 6. O-O Nf6 7. Nc3 e6 8. d4 cxd4 9. Nxd4 Be7 10. Be3 O-O 11. h3 Nxd4 12. Qxd4 Qc6 13. Rfd1 a6 14. Rac1 Rac8 15.
b3 Rfd8 16. a4 Rd7 17. Nd5 Bd8 18. e5 Ne8 19. Nb4 Qc7 20. c5 d5 21. c6 bxc6 22. Nxc6 Qb7 23. Nxd8 Rdxd8 24. Qb6 Rb8 25. Rc6 Qxb6 26. Bxb6 Rd7 27. a5 g6 28. b4 h5 29. Bc5 Rc7 30. Rxa6 Rcc8 31. Rb6 Ra8 32. Ra1 Nc7 33. a6 d4 34. Bxd4 Nd5 35. Rb7 Nf4 36. Bc5 Nd3 37. a7 Nxc5 38. bxc5 Kf8 39.
c6 Ke8 40. Ra6 Rd8 41. Kh2 Rdc8 42. h4 Rd8 43. f3 Kf8 44. Kg3 Kg7 45. c7 Rdc8 46. Rb8 f5 47. Rxc8 Rxc8 48. a8=Q f4+ 49. Kh2 Rxc7 50. Ra7 Rxa7 51. Qxa7+ Kh6 52. Qf7 g5 53.
Qxe6+ Kg7 54. hxg5 h4 55. Qf6+ 1-0

[Event "Late-Titled-Tuesday-Blitz-March-26-2024"]
[Site "Chess.com"]
[Date "2024.03.26"]
[Round "4"]
[White "Quattroporte300"]
[Black "publicaccountcze"]
[Result "1-0"]
[WhiteElo "2482"]
[BlackElo "2250"]
[TimeControl "180+1"]
[EndTime "14:41:29 PDT"]
[Termination "Quattroporte300 won by resignation"]

1. e4 c5 2. Nf3 e6 3. g3 g6 4.
d4 cxd4 5. Nxd4 a6 6. Bg2 Bg7 7. O-O Ne7 8. c4 O-O 9. Nc3 Nbc6 10. Be3 Qc7 11. Rc1 d6 12. b3 Rd8 13. Qd2 Bd7 14.
Rfd1 Be8 15. h4 Rac8 16. h5 gxh5 17. Nce2 h4 18. gxh4 Ng6 19. Bg5 Rd7 20. h5 Nge5 21. h6 Bh8 22. Qf4 Ng6 23. Qg3 Nxd4 24. Nxd4 Qc5 25.
Ne2 Be5 26. Qg4 f5 27. exf5 exf5 28. Qh3 Bf7 29. Be3 Qa3 30. Qxf5 Rcd8 31. Bd4 Qxa2 32.
Bxe5 Qxe2 33. Bc3 Qe6 34. Qg5 Qe7 35. Qg3 Qh4 36. Qxh4 Nxh4 37. Bf6 Nxg2 38. Bxd8 Nf4 39. Bg5 Nh3+ 40. Kh2 Nxg5 41. Rg1 Bg6 42. Rxg5 Rf7 43. Kg3 Kf8 44. Re1 Rf6 45. f4 Bc2 46. Rg7 Bxb3 47. Rxb7 Bxc4 48. Ree7 Rg6+ 49. Kf2 Bd5 50. Ra7 Rxh6 51.
Rec7 Bf7 52. Rxf7+ 1-0

[Event "Late-Titled-Tuesday-Blitz-March-26-2024"]
[Site "Chess.com"]
[Date "2024.03.26"]
[Round "4"]
[White "rhwr"]
[Black "gxbg2000"]
[Result "1-0"]
[WhiteElo "2295"]
[BlackElo "2015"]
[TimeControl "180+1"]
[EndTime "14:41:29 PDT"]
[Termination "rhwr won by resignation"]

1. e4 e5 2. Nf3 Nc6 3. Bb5 d6 4. O-O Nf6 5. Re1 Be7 6. c3 O-O 7. d4 Bg4 8. d5 Nb8 9. h3 Bh5 10. Nbd2 h6 11. Nf1 Bg6 12. Ng3 Nbd7 13.
Bd2 Rc8 14. b4 c6 15. dxc6 bxc6 16. Ba6 Rb8 17. Bd3 d5 18. Qc2 dxe4 19. Nxe4 Nxe4 20. Bxe4 Bxe4 21. Qxe4 Qc7 22. Nxe5 Nxe5 23. Qxe5 Bd6 24.
Qh5 Rbe8 25. Re2 Rxe2 26. Qxe2 Be5 27. Re1 Bf6 28. Qf3 Kh7 29. Qf5+ Kg8 30. Bf4 Qc8 31.
Qxc8 Rxc8 32. Re3 Rd8 33. Kf1 Rd1+ 34. Ke2 Ra1 35. Kd3 Rxa2 36. Bg3 a5 37. bxa5 Rxa5 38. Re8+ Kh7 39. Rc8 Rc5 40. c4 Kg6 41. Bd6 Rf5 42. f3 Rg5 43. g4 h5 44. f4 Ra5 45. g5 Ba1 46. Rxc6 Kf5 47. Rc5+ Rxc5 48. Bxc5 Kxf4 49.
Bd4 Kxg5 50. Bxa1 Kf5 51. Kd4 g5 52. Kd5 g4 53. hxg4+ Kxg4 54. c5 h4 55. c6 h3 56.
Be5 f5 57. Bh2 Kf3 58. c7 Kg2 59. Bf4 Kf3 60. Be5 f4 61. Bxf4 h2 62. Bxh2 1-0